 Dungeon Crawl Stone Soup version 0.30-a0-371-gad7725a93e (webtiles) character file.

Game seed: 10124370525672102590

86 zishaf the Magician (level 4, -2/33 HPs)
             Began as a Djinni Venom Mage on Nov 22, 2022.
             Slain by a gnoll
             ... wielding a +0 club
              (4 damage)
             ... on level 3 of the Dungeon.
             The game lasted 00:03:26 (2928 turns).

zishaf the Magician (Djinni Venom Mage)             Turns: 2928, Time: 00:03:26

Health: -2/33      AC:  2    Str:  7    XL:     4   Next: 77%
Gold:   133        EV: 11    Int: 19    God:
                   SH:  3    Dex: 13

rFire   + + .      SeeInvis .    e - +0 dagger
rCold   x . .      Faith    .    s - +0 buckler
rNeg    . . .      Spirit   .    a - +0 robe
rPois   ∞          Reflect  .    (no helmet)
rElec   .          Harm     .    (no cloak)
rCorr   .          Rampage  .    (no gloves)
Will    .....                    (boots unavailable)
Stlth   ++........               (no amulet)
HPRegen 0.25/turn                i - ring of wizardry
MPRegen 0.00/turn                (no ring)

@: flying, very slightly contaminated
A: sickness immunity, fire resistance 2, cold vulnerability 1, float, innate
caster, HP casting, extra vitality 1
a: no special abilities


You were on level 3 of the Dungeon.
You visited 1 branch of the dungeon, and saw 4 of its levels.

You collected 133 gold pieces.

Inventory:

Hand Weapons
 e - a +0 dagger (weapon)
Armour
 a - a +0 robe (worn)
 s - a +0 buckler (worn)
Jewellery
 i - a ring of wizardry (left hand)
 q - an amulet of faith
Wands
 t - a wand of mindburst (15)
Scrolls
 b - 2 scrolls of immolation {unknown}
 c - 3 scrolls of fog {unknown}
 d - a scroll of teleportation {unknown}
 f - 2 scrolls of enchant weapon {unknown}
 g - 4 scrolls of identify {unknown}
 h - a scroll of noise {unknown}
 j - a scroll of acquirement {unknown}
 k - a scroll of magic mapping {unknown}
 n - a scroll of vulnerability {unknown}
 o - a scroll of silence {unknown}
 p - a scroll of fear {unknown}
Potions
 l - 2 potions of brilliance {unknown}
 m - a potion of resistance {unknown}
 r - 3 potions of curing {unknown}
 u - a potion of attraction {unknown}
 v - a potion of haste {unknown}


   Skills:
 + Level 2.0 Fighting
 - Level 2.1 Dodging
 - Level 1.5 Stealth
 + Level 0.4 Shields
 * Level 3.4 Spellcasting
 + Level 0.3 Evocations


You couldn't memorise any spells.
You knew the following spells:

 Your Spells              Type           Power      Damage    Failure   Level
a - Sting                 Tmut/Pois      64%        1d6       1%          1
b - Poisonous Vapours     Pois/Air       32%        N/A       2%          2
c - Kiss of Death         Conj/Necr      64%        2d10      1%          1
z - Mephitic Cloud        Conj/Pois/Air  16%        N/A       6%          3
A - Olgreb's Toxic Radia  Pois           16%        N/A       19%         4
Your spell library was empty.

Dungeon Overview and Level Annotations

Branches:
Dungeon (4/15)
 Temple: D:4-7

Altars:
Cheibriados


Innate Abilities, Weirdness & Mutations

You are immune to sickness and miasma.
You are immune to poison.
Your flesh is very heat resistant. (rF++)
You are vulnerable to cold. (rC-)
You float through the air rather than walking.
You learn spells naturally, not from books.
Your magical power is your life essence.
You have superior vitality. (+4 MHP)


Message History

There is a stone staircase leading down here.
Things that are here:
a +0 whip; a +0 flail; a gnoll corpse
There is a stone staircase leading down here.
You see here a +0 club.
Things that are here:
a +0 short sword; 2 stones You start resting.
HP restored.
You see here a +0 club.
There is a stone staircase leading down here.
You fly downwards.
The gnoll hits you with a +0 club! The gnoll hits you with a +0 club.
There is a stone staircase leading up here.
The gnoll hits you with a +0 club!
You fly upwards.
There is a stone staircase leading down here.
Casting: Poisonous Vapours (safe; 2% risk of failure)
Confirm with . or Enter, or press ? or * to list all spells.
Aiming: Mephitic Cloud (dangerous; 6% risk of failure)
Press: ? - help, Shift-Dir - straight line, f - gnoll
Aim: a gnoll, wielding a +0 club (chance to affect: 91%)
You miscast Mephitic Cloud.
You are very lightly contaminated with residual magic.
Nothing appears to happen.
* * * LOW HITPOINT WARNING * * *
The gnoll hits you with a +0 club.
* * * LOW HITPOINT WARNING * * *
Casting: Mephitic Cloud (dangerous; 6% risk of failure)
Confirm with . or Enter, or press ? or * to list all spells.
You don't have enough health to cast this spell.
Casting: Mephitic Cloud (dangerous; 6% risk of failure)
Confirm with . or Enter, or press ? or * to list all spells.
Aiming: Sting (safe; 1% risk of failure)
Press: ? - help, Shift-Dir - straight line, f/p - gnoll
Aim: a gnoll, wielding a +0 club (77% to hit)
The sting misses the gnoll.
* * * LOW HITPOINT WARNING * * *
The gnoll hits you with a +0 club.
You die...

............#............#
###########.#.##.#######.# #
#.....#.#....##.# #
#.....#.#.##....# #
#.....#.#.####### #
#.....#.#.# # #.....#(#.# #
#.....#g#.# # #.....#@#.#
###########.#.##)#.#
#...........#....#.###########
#.################...........#
...................#########.#
#<################.##........#
#.#.)............#.########..#
#.#.###########.##.# #..#
#.#.# #.##.# #..#


You could see a gnoll.

Vanquished Creatures
  2 gnolls (D:3)
  3 adders (D:2)
  An orc (D:3)
  5 bats
  4 endoplasms (D:2)
  A giant cockroach (D:1)
  4 hobgoblins
  2 quokkas
  4 ball pythons
  4 goblins
  2 kobolds
  6 rats
38 creatures vanquished.

Notes
Turn   | Place    | Note
-------+----------+-------------------------------------------
     0 | D:1      | zishaf the Djinni Venom Mage began the quest for the Orb.
     0 | D:1      | zishaf set off with the following spells memorised: Sting,
                  | Poisonous Vapours, Mephitic Cloud, Olgreb's Toxic Radiance.
     0 | D:1      | Reached XP level 1. HP: 15/15 MP: 0/0
   220 | D:1      | Found a faded altar of an unknown god.
   335 | D:1      | Reached XP level 2. HP: 20/22 MP: 0/0
   733 | D:2      | Reached skill level 1 in Fighting
   783 | D:2      | Reached XP level 3. HP: 23/27 MP: 0/0
   783 | D:2      | Learned a level 1 spell: Kiss of Death
   837 | D:2      | Reached skill level 3 in Spellcasting
  1124 | D:2      | Reached XP level 4. HP: 28/31 MP: 0/0
  1702 | D:3      | Found a snail-covered altar of Cheibriados.
  2928 | D:3      | Slain by a gnoll

Illustrated notes

Levels and vault maps discovered:
D:1:      minmay_arrival_up_and_down, layout_basic, basic_ecumenical_altar
D:2:      layout_loops_ring, minmay_indecisive_spiral
D:3:      layout_basic, mainiacjoe_overflow_cross_hatched,
          kennysheep_nondescript
D:4:      layout_basic, nicolae_qazlal_style_of_elements,
          nicolae_tso_swordbearing_angel, chequers_serial_rivers_marsh

Skill      XL: |  1  2  3  4 |
---------------+-------------+-----
Fighting       | 1 2 |  2.0
Spellcasting   | 3 |  3.4
Dodging        | |  2.1
Stealth        | |  1.5
Shields        | |  0.4
Evocations     | |  0.3

Action                   |  1- 3 |  4- 6 || total
-------------------------+-------+-------++-------
Melee: Unarmed           |     4 |       ||     4
       Dagger            |    12 |     5 ||    17
 Cast: Sting             |    41 |    24 ||    65
       Poisonous Vapours |     2 |     6 ||     8
       Kiss of Death     |     1 |       ||     1
       Mephitic Cloud    |       |     3 ||     3
 Stab: Confused          |       |     2 ||     2
Armor: Robe              |     6 |     3 ||     9
Dodge: Dodged            |    20 |    17 ||    37
Block: Buckler           |       |     2 ||     2

Table legend: (Time is in decaauts)
 A = Elapsed time spent in this place.
 B = Non-inter-level travel time spent in this place.
 C = Inter-level travel time spent in this place.
 D = Time resting spent in this place.
 E = Time spent auto-exploring this place.
 F = Levels seen in this place.
 G = Mean time per level.
                   A        B        C        D        E       F      G
               +--------+--------+--------+--------+--------+-----+--------+
         Total |   2928 |   2739 |    189 |    184 |   2251 |   4 |  732.0 |
       Dungeon |   2928 |   2739 |    189 |    184 |   2251 |   4 |  732.0 |
               +--------+--------+--------+--------+--------+-----+--------+

Top non-repeatable levels by time:
     D:3: 1366 daAuts
     D:2: 907 daAuts
     D:1: 644 daAuts
     D:4: 10 daAuts
